[ AOE2 MATCH · #506417456 ]
UnrankedSicilians vs Persians
Player's team · WIN
Rival team · LOSS
[ REPLAY ANALYSIS · EXTRACTED FROM THE RECORDED GAME ]
Feudal
9:17
Castle
22:37
Imperial
32:14
| APM avg | 62.5 |
| APM peak | 97 |
| eAPM avg | 35.5 |
| Villagers / military | 197 / 116 |
Focus
⚔️ 53.9% · 🌾 46.1%
Archer ×57 · Spearman ×28 · Monk ×8 · Trebuchet (Packed) ×8 · Knight ×5 · Serjeant ×5
Feudal
10:05
Castle
20:37
Imperial
33:20
| APM avg | 52.1 |
| APM peak | 98 |
| eAPM avg | 34.0 |
| Villagers / military | 188 / 106 |
Focus
⚔️ 31.9% · 🌾 68.1%
Knight ×39 · Cavalry Archer ×23 · Skirmisher ×21 · Trebuchet (Packed) ×7 · Militia ×6 · Scout Cavalry ×5
Match map
Initial resources + every placement click. Lines = walls · curves = elevation contours. ◆ gold · ⬟ stone · ● berries · ✦ relic · ◌ wall gap
Your base· Open — opponent sealed themselves in
Leonidas's base· ✓ Closed at 20:37 · 63t walls · no gate
Smoothed initial terrain · ◌ = detected wall gap · hover for details
Inputs per minute
— Nahue05 - - Leonidas
Build order — Nahue05
First 150 of 528 actions detected
| 0:00 | Create | Villager (Male) |
| 0:00 | Create | Villager (Male) |
| 0:01 | Create | Villager (Male) |
| 0:02 | Build | House |
| 0:03 | Build | House |
| 0:06 | Create | Villager (Male) |
| 1:29 | Create | Villager (Male) |
| 1:29 | Create | Villager (Male) |
| 1:52 | Create | Villager (Male) |
| 1:52 | Create | Villager (Male) |
| 2:18 | Create | Villager (Male) |
| 2:18 | Create | Villager (Male) |
| 2:24 | Build | Lumber Camp |
| 2:42 | Create | Villager (Male) |
| 2:56 | Create | Villager (Male) |
| 2:56 | Create | Villager (Male) |
| 3:08 | Create | Villager (Male) |
| 3:08 | Create | Villager (Male) |
| 3:51 | Build | House |
| 3:56 | Create | Villager (Male) |
| 4:03 | Create | Villager (Male) |
| 4:03 | Create | Villager (Male) |
| 4:03 | Create | Villager (Male) |
| 4:29 | Research | Loom |
| 4:37 | Build | Palisade Wall |
| 4:39 | Build | Palisade Wall |
| 4:41 | Build | Palisade Wall |
| 4:42 | Create | Villager (Male) |
| 5:01 | Create | Villager (Male) |
| 5:08 | Build | Mill |
| 5:19 | Create | Villager (Male) |
| 6:11 | Create | Villager (Male) |
| 6:19 | Build | House |
| 6:27 | Create | Villager (Male) |
| 7:07 | Research | Feudal Age |
| 7:40 | Build | Lumber Camp |
| 8:22 | Create | Villager (Male) |
| 8:31 | Build | Palisade Wall |
| 8:37 | Build | Barracks |
| 8:54 | Create | Villager (Male) |
| 9:17 | Age | Feudal Age |
| 9:23 | Build | Stable |
| 9:28 | Create | Villager (Male) |
| 9:36 | Research | Double-Bit Axe |
| 9:48 | Create | Villager (Male) |
| 10:05 | Create | Scout Cavalry |
| 10:09 | Research | Horse Collar |
| 10:10 | Create | Villager (Male) |
| 10:17 | Build | House |
| 10:25 | Build | Palisade Wall |
| 10:26 | Build | Palisade Wall |
| 10:27 | Build | Palisade Wall |
| 10:31 | Build | House |
| 10:33 | Build | Palisade Wall |
| 10:35 | Build | Palisade Wall |
| 10:41 | Build | Palisade Wall |
| 10:46 | Create | Villager (Male) |
| 11:05 | Build | Mill |
| 11:09 | Create | Villager (Male) |
| 11:17 | Create | Scout Cavalry |
| 11:25 | Create | Villager (Male) |
| 11:36 | Build | Donjon |
| 11:46 | Build | Farm |
| 11:53 | Create | Villager (Male) |
| 11:53 | Create | Villager (Male) |
| 12:02 | Build | Farm |
| 12:20 | Create | Villager (Male) |
| 12:20 | Create | Villager (Male) |
| 12:39 | Build | Archery Range |
| 12:44 | Create | Villager (Male) |
| 12:44 | Create | Villager (Male) |
| 12:52 | Build | Palisade Wall |
| 12:54 | Build | Palisade Wall |
| 12:55 | Build | Palisade Wall |
| 12:55 | Build | Palisade Wall |
| 12:55 | Build | Palisade Wall |
| 12:56 | Build | Palisade Wall |
| 13:08 | Create | Villager (Male) |
| 13:09 | Create | Villager (Male) |
| 13:10 | Build | Farm |
| 13:16 | Build | Farm |
| 13:19 | Create | Villager (Male) |
| 13:32 | Build | House |
| 13:33 | Build | Palisade Wall |
| 13:36 | Create | Villager (Male) |
| 13:42 | Create | Archer |
| 14:00 | Create | Villager (Male) |
| 14:00 | Create | Villager (Male) |
| 14:11 | Build | Farm |
| 14:12 | Build | Farm |
| 14:12 | Create | Villager (Male) |
| 14:20 | Build | Palisade Wall |
| 14:22 | Create | Skirmisher |
| 14:25 | Create | Villager (Male) |
| 14:33 | Build | Farm |
| 14:34 | Build | Farm |
| 14:44 | Create | Villager (Male) |
| 14:55 | Create | Skirmisher |
| 14:57 | Create | Villager (Male) |
| 15:12 | Create | Villager (Male) |
| 15:14 | Build | Mining Camp |
| 15:26 | Create | Villager (Male) |
| 15:37 | Create | Villager (Male) |
| 15:47 | Build | Mill |
| 15:47 | Create | Villager (Male) |
| 15:54 | Create | Villager (Male) |
| 16:00 | Create | Villager (Male) |
| 16:11 | Create | Villager (Male) |
| 16:26 | Create | Villager (Male) |
| 16:37 | Create | Serjeant |
| 16:37 | Create | Serjeant |
| 16:50 | Create | Villager (Male) |
| 17:05 | Build | House |
| 17:07 | Build | Farm |
| 17:07 | Build | Farm |
| 17:07 | Build | Farm |
| 17:08 | Create | Villager (Male) |
| 17:14 | Create | Serjeant |
| 17:23 | Build | Farm |
| 17:32 | Build | House |
| 17:34 | Build | Palisade Wall |
| 17:37 | Build | Farm |
| 17:42 | Create | Villager (Male) |
| 17:49 | Create | Serjeant |
| 17:55 | Build | Farm |
| 17:58 | Build | Palisade Wall |
| 18:06 | Research | Wheelbarrow |
| 18:21 | Build | Palisade Wall |
| 18:25 | Build | Palisade Wall |
| 18:37 | Build | Palisade Wall |
| 18:45 | Create | Villager (Male) |
| 19:05 | Build | Blacksmith |
| 19:08 | Build | Palisade Wall |
| 19:10 | Build | Palisade Wall |
| 19:55 | Research | Castle Age |
| 19:55 | Research | Castle Age |
| 20:04 | Build | Mining Camp |
| 20:09 | Build | Palisade Wall |
| 20:20 | Research | Fletching |
| 20:22 | Build | House |
| 20:33 | Create | Archer |
| 20:53 | Build | House |
| 20:54 | Create | Villager (Male) |
| 20:59 | Build | Palisade Wall |
| 21:00 | Build | Palisade Wall |
| 21:07 | Build | Palisade Wall |
| 21:08 | Research | Gold Mining |
| 21:09 | Research | Gold Mining |
| 21:24 | Create | Villager (Male) |
| 21:32 | Build | House |
Build order — Leonidas
First 150 of 508 actions detected
| 0:01 | Create | Villager (Male) |
| 0:02 | Build | House |
| 0:04 | Build | House |
| 0:07 | Create | Villager (Male) |
| 0:08 | Create | Villager (Male) |
| 0:09 | Create | Villager (Male) |
| 0:11 | Create | Villager (Male) |
| 1:20 | Build | Barracks |
| 1:25 | Create | Villager (Male) |
| 2:05 | Create | Villager (Male) |
| 2:23 | Create | Militia |
| 2:41 | Research | Loom |
| 2:49 | Create | Militia |
| 3:15 | Create | Villager (Male) |
| 3:29 | Build | House |
| 3:30 | Create | Villager (Male) |
| 3:31 | Create | Villager (Male) |
| 3:56 | Create | Villager (Male) |
| 3:57 | Create | Villager (Male) |
| 4:32 | Create | Villager (Male) |
| 4:32 | Create | Villager (Male) |
| 4:48 | Build | Lumber Camp |
| 5:06 | Create | Villager (Male) |
| 5:20 | Create | Villager (Male) |
| 5:46 | Create | Villager (Male) |
| 6:01 | Build | House |
| 6:15 | Create | Villager (Male) |
| 6:28 | Build | Palisade Wall |
| 6:37 | Create | Villager (Male) |
| 6:49 | Build | Palisade Wall |
| 7:03 | Create | Villager (Male) |
| 7:57 | Research | Feudal Age |
| 8:03 | Build | Mill |
| 8:34 | Build | House |
| 8:55 | Build | Palisade Wall |
| 8:57 | Build | Palisade Wall |
| 8:59 | Create | Militia |
| 8:59 | Create | Militia |
| 9:13 | Create | Militia |
| 9:14 | Create | Militia |
| 9:32 | Create | Villager (Male) |
| 9:36 | Build | Mining Camp |
| 10:05 | Age | Feudal Age |
| 10:15 | Research | Man-at-Arms (upgrade) |
| 10:15 | Research | Man-at-Arms (upgrade) |
| 10:17 | Create | Spearman |
| 10:25 | Create | Villager (Male) |
| 10:26 | Build | House |
| 10:42 | Build | Palisade Wall |
| 10:44 | Create | Villager (Male) |
| 10:54 | Create | Villager (Male) |
| 10:59 | Build | Farm |
| 11:10 | Build | Palisade Wall |
| 11:25 | Build | Farm |
| 11:25 | Create | Villager (Male) |
| 11:29 | Build | Palisade Wall |
| 11:41 | Create | Villager (Male) |
| 11:42 | Build | Farm |
| 11:45 | Research | Double-Bit Axe |
| 11:56 | Create | Villager (Male) |
| 12:01 | Build | House |
| 12:05 | Create | Villager (Male) |
| 12:10 | Build | Farm |
| 12:12 | Create | Villager (Male) |
| 12:14 | Build | Palisade Wall |
| 12:37 | Build | Farm |
| 12:44 | Create | Villager (Male) |
| 13:13 | Build | Lumber Camp |
| 13:14 | Create | Villager (Male) |
| 13:41 | Create | Villager (Male) |
| 14:19 | Create | Villager (Male) |
| 14:22 | Build | House |
| 14:26 | Build | Farm |
| 14:28 | Build | Farm |
| 14:29 | Build | Farm |
| 14:31 | Build | Farm |
| 14:31 | Create | Villager (Male) |
| 14:33 | Build | House |
| 14:45 | Build | Farm |
| 14:46 | Create | Villager (Male) |
| 15:03 | Build | House |
| 15:10 | Build | Palisade Wall |
| 15:15 | Build | Farm |
| 15:25 | Build | Farm |
| 15:26 | Build | Farm |
| 15:27 | Build | Farm |
| 15:35 | Build | House |
| 15:35 | Create | Villager (Male) |
| 15:38 | Build | Palisade Wall |
| 15:39 | Build | Palisade Wall |
| 15:47 | Create | Villager (Male) |
| 16:20 | Build | Farm |
| 16:22 | Create | Villager (Male) |
| 16:38 | Build | Palisade Wall |
| 16:47 | Create | Villager (Male) |
| 17:07 | Build | Blacksmith |
| 17:13 | Create | Villager (Male) |
| 17:15 | Build | Stable |
| 17:46 | Create | Villager (Male) |
| 18:03 | Build | Stable |
| 18:11 | Research | Castle Age |
| 18:12 | Research | Castle Age |
| 18:12 | Research | Castle Age |
| 18:14 | Research | Horse Collar |
| 18:18 | Build | Stone Wall |
| 18:24 | Build | House |
| 18:24 | Build | House |
| 18:25 | Build | House |
| 18:26 | Build | House |
| 18:45 | Research | Scale Barding Armor |
| 19:04 | Research | Bloodlines |
| 19:05 | Research | Bloodlines |
| 19:16 | Build | Stone Wall |
| 19:19 | Create | Villager (Male) |
| 20:37 | Age | Castle Age |
| 20:38 | Create | Knight |
| 20:38 | Create | Knight |
| 20:39 | Create | Villager (Male) |
| 20:41 | Build | Town Center |
| 20:43 | Research | Bow Saw |
| 20:48 | Build | Farm |
| 20:49 | Build | Farm |
| 20:57 | Create | Knight |
| 20:57 | Create | Knight |
| 21:09 | Create | Villager (Male) |
| 21:22 | Create | Villager (Male) |
| 21:24 | Build | Monastery |
| 21:31 | Create | Villager (Male) |
| 21:42 | Create | Villager (Male) |
| 21:49 | Create | Villager (Male) |
| 22:06 | Create | Villager (Male) |
| 22:21 | Build | Town Center |
| 22:21 | Create | Villager (Male) |
| 22:32 | Create | Monk |
| 22:34 | Create | Villager (Male) |
| 22:39 | Build | House |
| 22:40 | Create | Villager (Male) |
| 22:51 | Build | Farm |
| 22:51 | Create | Villager (Male) |
| 22:59 | Create | Villager (Male) |
| 23:01 | Create | Monk |
| 23:09 | Create | Villager (Male) |
| 23:14 | Create | Knight |
| 23:14 | Create | Knight |
| 23:17 | Create | Monk |
| 23:19 | Build | House |
| 23:25 | Create | Villager (Male) |
| 23:31 | Build | Farm |
| 23:32 | Build | Farm |
| 23:33 | Build | Farm |
Match timeline
| 1:20 | Leonidas · first_building Barracks |
| 4:37 | Nahue05 · wall_segment Palisade Wall x1 |
| 4:39 | Nahue05 · wall_segment Palisade Wall x1 |
| 4:41 | Nahue05 · wall_segment Palisade Wall x1 |
| 6:28 | Leonidas · wall_segment Palisade Wall x1 |
| 6:49 | Leonidas · wall_segment Palisade Wall x6 |
| 8:31 | Nahue05 · wall_segment Palisade Wall x1 |
| 8:37 | Nahue05 · first_building Barracks |
| 8:55 | Leonidas · wall_segment Palisade Wall x1 |
| 8:57 | Leonidas · wall_segment Palisade Wall x6 |
| 9:17 | Nahue05 · age_up feudal |
| 9:23 | Nahue05 · first_building Stable |
| 10:05 | Leonidas · age_up feudal |
| 10:25 | Nahue05 · wall_segment Palisade Wall x1 |
| 10:26 | Nahue05 · wall_segment Palisade Wall x1 |
| 10:27 | Nahue05 · wall_segment Palisade Wall x1 |
| 10:33 | Nahue05 · wall_segment Palisade Wall x1 |
| 10:35 | Nahue05 · wall_segment Palisade Wall x1 |
| 10:41 | Nahue05 · wall_segment Palisade Wall x1 |
| 10:42 | Leonidas · wall_segment Palisade Wall x1 |
| 11:10 | Leonidas · wall_segment Palisade Wall x5 |
| 11:29 | Leonidas · wall_segment Palisade Wall x6 |
| 11:36 | Nahue05 · first_building Donjon |
| 12:14 | Leonidas · wall_segment Palisade Wall x15 |
| 12:39 | Nahue05 · first_building Archery Range |
| 12:52 | Nahue05 · wall_segment Palisade Wall x1 |
| 12:54 | Nahue05 · wall_segment Palisade Wall x1 |
| 12:55 | Nahue05 · wall_segment Palisade Wall x1 |
| 12:55 | Nahue05 · wall_segment Palisade Wall x1 |
| 12:55 | Nahue05 · wall_segment Palisade Wall x1 |
| 12:56 | Nahue05 · wall_segment Palisade Wall x1 |
| 13:33 | Nahue05 · wall_segment Palisade Wall x1 |
| 14:20 | Nahue05 · wall_segment Palisade Wall x1 |
| 15:10 | Leonidas · wall_segment Palisade Wall x5 |
| 15:38 | Leonidas · wall_segment Palisade Wall x1 |
| 15:39 | Leonidas · wall_segment Palisade Wall x1 |
| 16:38 | Leonidas · wall_segment Palisade Wall x1 |
| 17:15 | Leonidas · first_building Stable |
| 17:34 | Nahue05 · wall_segment Palisade Wall x4 |
| 17:58 | Nahue05 · wall_segment Palisade Wall x5 |
| 18:18 | Leonidas · wall_segment Stone Wall x9 |
| 18:21 | Nahue05 · wall_segment Palisade Wall x2 |
| 18:25 | Nahue05 · wall_segment Palisade Wall x4 |
| 18:37 | Nahue05 · wall_segment Palisade Wall x2 |
| 19:08 | Nahue05 · wall_segment Palisade Wall x2 |
| 19:10 | Nahue05 · wall_segment Palisade Wall x6 |
| 19:16 | Leonidas · wall_segment Stone Wall x6 |
| 20:09 | Nahue05 · wall_segment Palisade Wall x7 |
| 20:37 | Leonidas · age_up castle |
| 20:59 | Nahue05 · wall_segment Palisade Wall x1 |
| 21:00 | Nahue05 · wall_segment Palisade Wall x1 |
| 21:07 | Nahue05 · wall_segment Palisade Wall x2 |
| 21:24 | Leonidas · first_building Monastery |
| 21:37 | Nahue05 · wall_segment Palisade Wall x3 |
| 22:07 | Nahue05 · wall_segment Palisade Wall x2 |
| 22:19 | Nahue05 · wall_segment Palisade Wall x3 |
| 22:37 | Nahue05 · age_up castle |
| 22:42 | Nahue05 · first_building Monastery |
| 22:57 | Nahue05 · wall_segment Palisade Wall x1 |
| 25:00 | Nahue05 · wall_segment Palisade Wall x1 |
| 26:59 | Leonidas · first_building Archery Range |
| 27:13 | Nahue05 · wall_segment Palisade Wall x1 |
| 28:05 | Nahue05 · wall_segment Palisade Wall x1 |
| 28:59 | Nahue05 · first_market_buy 100 food |
| 29:13 | Leonidas · first_building Siege Workshop |
| 31:32 | Leonidas · first_building Castle |
| 31:50 | Leonidas · wall_segment Stone Wall x5 |
| 31:51 | Nahue05 · first_building Castle |
| 31:51 | Leonidas · wall_segment Stone Wall x3 |
| 32:14 | Nahue05 · age_up imperial |
| 32:49 | Nahue05 · first_market_sell 100 wood |
| 33:20 | Leonidas · age_up imperial |
| 37:02 | Leonidas · first_market_sell 500 wood |
| 37:04 | Leonidas · first_market_buy 100 food |
| 44:04 | Leonidas · resign |
[ AI ANALYSIS · 1 CREDIT ]
What really happened in this match?
Wolo.gg analyzes every decision: build order, eco, micro, common mistakes by bracket. Personalized analysis on WhatsApp or Discord in 30 seconds.
Civ guide
Sicilians
Perfil
Jugador #2826785